 Dungeon Crawl Stone Soup version 0.26-a0-812-g31a745ddcd (webtiles) character file.

Game seed: 4918647878862566757

35 marklar909 the Insei (level 3, -3/29 HPs)
             Began as a Draconian Transmuter on Nov 14, 2020.
             Slain by a worm (12 damage)
             ... on level 1 of the Dungeon.
             The game lasted 00:00:57 (1068 turns).

marklar909 the Insei (Draconian Transmuter)         Turns: 1068, Time: 00:00:58

Health: -3/29      AC:  5    Str: 12    XL:     3   Next: 16%
Magic:  4/6        EV: 12    Int: 13    God:
Gold:   30         SH:  0    Dex: 12    Spells: 3/6 levels left

rFire    . . .     SeeInvis .     - Unarmed
rCold    . . .     Faith    .   (no shield)
rNeg     . . .     Spirit   .   (armour unavailable)
rPois    .         Reflect  .   (helmet currently unavailable)
rElec    .         Harm     .   (no cloak)
rCorr    .         Rampage  .   (no gloves)
MR       .....                  (boots currently unavailable)
Stlth    +.........             (no amulet)
HPRegen  0.09/turn              (no ring)
MPRegen  0.10/turn              (no ring)

@: appendages, wereblooded (expiring)
A: unfitting armour, horns 2, talons 2, cold-blooded, AC +5
a: End Transformation


You were on level 1 of the Dungeon.
You had grown temporary horns.
You had grown temporary talons.
You visited 1 branch of the dungeon, and saw 2 of its levels.

You collected 30 gold pieces.

Inventory:

Scrolls
 a - 3 scrolls of remove curse {unknown}
 b - a scroll of fog {unknown}


   Skills:
 * Level 1.8 Fighting
 * Level 2.5 Dodging
 + Level 3.3 Unarmed Combat
 - Level 2.0 Spellcasting
 + Level 2.2 Transmutations


You had 3 spell levels left.
You knew the following spells:

 Your Spells              Type           Power        Failure   Level
a - Beastly Appendage     Tmut           #.....       10%         1
b - Wereblood             Tmut           #.......     16%         2

Your spell library contained the following spells:

 Spells                   Type           Power        Failure   Level
 Spider Form              Tmut/Pois      #.........   43%         3
 Ice Form                 Ice/Tmut       #.......     85%         4
 Blade Hands              Tmut           #.........   95%         5


Dungeon Overview and Level Annotations

Branches:
Dungeon (2/15)

Altars:


Innate Abilities, Weirdness & Mutations

Your plain brown scales are hard. (AC +5)
You cannot fit into any form of body armour.
You are cold-blooded and may be slowed by cold attacks.
You have a pair of horns on your head.
You have razor-sharp toenails.


Message History

You closely miss the jackal. The jackal barely misses you.
The worm bites you but does no damage. The jackal bites you.
You climb upwards.
There is a stone staircase leading down here.
You see here a jackal corpse.
Casting: Wereblood (safe; 16% risk of failure)
Confirm with . or Enter, or press ? or * to list all spells.
You grow a pair of large bovine horns.
Your feet morph into talons.
The jackal bites you. The worm closely misses you. The jackal misses you.
Things that are here:
an adder skeleton; a hobgoblin corpse You barely miss the jackal.
The jackal barely misses you.
The jackal bites you but does no damage.
You closely miss the jackal. You claw the jackal.
Your headbutt misses the jackal. You tail-slap the jackal.
You kill the jackal!
Your primal bloodlust is almost over.
The worm bites you!
You die...

##### ###...##
###..[#..#
###...####.#######
#...### #.......#
#†########.#####.#
#÷w@.....#...†.#.#
##########+#.###.#.#
#..............).#.###
#............#####†#..
#..................#.#
#..............#...#.#
#..............#.#.#..
#............#...#....
#....†.(.....#........


You could see a worm.

Vanquished Creatures
  An adder (D:1)
  A dart slug (D:1)
  3 goblins (D:1)
  5 hobgoblins (D:1)
  3 jackals (D:1)
  2 bats (D:1)
  3 frilled lizards (D:1)
  3 kobolds (D:1)
  4 rats (D:1)
25 creatures vanquished.

Notes
Turn   | Place    | Note
-------+----------+-------------------------------------------
     0 | D:1      | marklar909 the Draconian Transmuter began the quest for the
                  | Orb.
     0 | D:1      | Reached XP level 1. HP: 16/16 MP: 3/3
   291 | D:1      | Reached XP level 2. HP: 19/23 MP: 3/5
   820 | D:1      | Learned a level 2 spell: Wereblood
   831 | D:1      | Reached XP level 3. HP: 24/29 MP: 4/6
  1068 | D:1      | Slain by a worm

Illustrated notes

Levels and vault maps discovered:
D:1:      wander_arrival_desolate, layout_basic
D:2:      layout_rooms

Skill      XL: |  1 |
---------------+----+-----
Dodging        | 2 |  2.5
Fighting       | |  1.8
Unarmed Combat | |  3.3
Spellcasting   | |  2.0
Transmutations | |  2.2

Action                   || total
-------------------------++-------
Melee: Unarmed           ||    72
       Kick              ||    15
       Tailslap          ||     8
       Headbutt          ||     7
       Punch             ||     1
 Cast: Beastly Appendage ||    17
       Wereblood         ||     1
Armor: Skin              ||    27
Dodge: Dodged            ||    73

Table legend: (Time is in decaauts)
 A = Elapsed time spent in this place.
 B = Non-inter-level travel time spent in this place.
 C = Inter-level travel time spent in this place.
 D = Time resting spent in this place.
 E = Time spent auto-exploring this place.
 F = Levels seen in this place.
 G = Mean time per level.
                   A        B        C        D        E       F      G
               +--------+--------+--------+--------+--------+-----+--------+
         Total |   1066 |   1064 |      2 |    193 |    718 |   2 |  533.0 |
       Dungeon |   1066 |   1064 |      2 |    193 |    718 |   2 |  533.0 |
               +--------+--------+--------+--------+--------+-----+--------+

Top non-repeatable levels by time:
     D:1: 1050 daAuts
     D:2: 15 daAuts
